 Dungeon Crawl Stone Soup version 0.30.1-11-g7821555f0a (webtiles) character file.

Game seed: 3027682994802274244

2079 jfcaron the Ruffian (level 9, -12/88 HPs)
             Began as an Ogre Transmuter on Nov 14, 2023.
             Was a Follower of Elyvilon.
             Mangled by a yak (15 damage)
             ... on level 6 of the Dungeon on Nov 15, 2023.
             The game lasted 00:13:55 (4923 turns).

jfcaron the Ruffian (Ogre Transmuter)               Turns: 4923, Time: 00:13:56

Health: -12/88     AC:  5    Str: 18    XL:     9   Next: 26%
Magic:  15/22      EV: 10    Int: 16    God:    Elyvilon [*.....]
Gold:   346        SH:  0    Dex:  9    Spells: 6/14 levels left

rFire   . .          .
                       - Unarmed
rCold   + . .        (no shield)
rNeg    + . .        s - +2 robe {rN+}
rPois   .            (helmet restricted)
rElec   .            (no cloak)
rCorr   .            (gloves unavailable)
SInv    .            (boots unavailable)
Will    .....        (no amulet)
Stlth   +            l - ring of protection from cold
HPRegen 0.34/turn    a - ring of magical power
MPRegen 0.18/turn

%: no passive effects
@: wereblooded
A: large, unfitting armour, tough skin 1
a: Renounce Religion, Purification


You were on level 6 of the Dungeon.
You worshipped Elyvilon.
Elyvilon was aware of your devotion.
You visited 1 branch of the dungeon, and saw 6 of its levels.

You collected 346 gold pieces.

Inventory:

Missiles
 f - 69 stones
 j - 10 poisoned darts
 k - 5 large rocks
 m - 3 atropa-tipped darts {!f}
 n - a javelin
Armour
 s - a +2 robe of positive energy (worn)
   (You took it off Pikel on level 5 of the Dungeon)
Jewellery
 a - a ring of magical power (right hand)
 l - a ring of protection from cold (left hand)
   (You found it on level 5 of the Dungeon)
Wands
 i - a wand of roots (9)
Scrolls
 c - 3 scrolls of poison
 e - a scroll of blinking
 g - 2 scrolls of amnesia
 q - a scroll of summoning {unknown}
 r - a scroll of magic mapping
 t - a scroll of enchant armour {unknown}
Potions
 b - a potion of lignification
 d - a potion of haste
 h - a potion of flight
 p - a potion of brilliance {unknown}


   Skills:
 - Level 5.0 Fighting
 + Level 4.8 Dodging
 * Level 7.0 Unarmed Combat
 - Level 3.0 Spellcasting
 - Level 5.0 Transmutations
 - Level 3.0 Poison Magic
 + Level 3.4 Invocations


You had 6 spell levels left.
You knew the following spells:

 Your Spells              Type           Power      Damage    Failure   Level
a - Beastly Appendage     Tmut           36%        N/A       2%          1
b - Wereblood             Tmut           18%        N/A       3%          2
c - Spider Form           Tmut/Pois      15%        N/A       11%         3
d - Static Discharge      Conj/Air       4%         2-3/arc   28%         2

Your spell library contained the following spells:

 Spells                   Type           Power      Damage    Failure   Level
 Ice Form                 Ice/Tmut       10%        N/A       54%         4
 Airstrike                Air            1%         2d(1-17)  88%         4
 Summon Lightning Spire   Summ/Air       2%         N/A       88%         4


Dungeon Overview and Level Annotations

Branches:
Dungeon (6/15)             Temple (0/1) D:6

Altars:
Dithmenos
Elyvilon
Gozag
Nemelex Xobeh
Okawaru

Shops:
D:5 (


Innate Abilities, Weirdness & Mutations

You are too large for most types of armour.
You have tough skin. (AC +1)


Message History

Confirm with . or Enter, or press ? or * to list all spells.
Your blood is infused with primal strength.
You hit the yak but do no damage. You claw the yak. You headbutt the yak!
The yak is moderately wounded.
The yak gores you!
You punch the yak!
The yak is severely wounded.
The yak gores you!
You are too injured to fight recklessly!
Casting: Wereblood (safe; 3% risk of failure)
Confirm with . or Enter, or press ? or * to list all spells.
The yak is struck by an arc of lightning.
The yak is severely wounded.
The yak is struck by an arc of lightning.
The yak is moderately wounded.
The lightning grounds out.
The yak closely misses you.
Your magical contamination has completely faded away.
Casting: Static Discharge (dangerous; 28% risk of failure)
Confirm with . or Enter, or press ? or * to list all spells.
The yak is struck by an arc of lightning.
The yak is severely wounded.
You are struck by an arc of lightning.
The lightning grounds out.
Your horns disappear.
Your talons disappear.
The yak gores you!
* * * LOW HITPOINT WARNING * * *
Okay, then.
The yak attacks as you move away! The yak gores you!
* * * LOW HITPOINT WARNING * * *
There is a stone staircase leading up here.
You feel better. The yak gores you.
* * * LOW HITPOINT WARNING * * *
Aiming: Fastroot
Press: ? - help, Shift-Dir - straight line, f - yak, p - yak
Aim: a yak (moderately wounded)
The roots erupt in riotous growth!
Roots grab the yak. x2
The grasping roots constrict the yak.
The grasping roots constrict the yak, but do no damage.
The yak gores you!
You die...

##....#.....# ..##
.###.#.†#####.>.#####..#
#...........#..(..#.....#
#####.###..#...#...#o....
........#....###†...####
#######s....#.#.#..##
#Y#.....#...##
#Y##.#.Y#..##
#@##....o.## #.####...##
#.# ##### #.# #.# #.# #.#
#..


You could see 2 yaks and a scorpion.

Vanquished Creatures
  Pikel (D:5)
  Grinder (D:3)
  2 yaks (D:6)
  Eustachio (D:5)
  A centaur (D:5)
  A lemure (D:5)
  A phantom (D:5)
  A scorpion (D:6)
  A howler monkey (D:6)
  3 hounds
  A gnoll bouda (D:5)
  2 orc priests
  2 jellies
  2 sleepcaps
  Terence (D:3)
  5 iguanas
  2 orc wizards (D:3)
  7 gnolls (D:5)
  5 adders
  A white imp (D:5)
  3 ufetubi
  A dart slug (D:1)
  22 orcs
  5 bats
  11 endoplasms
  6 giant cockroaches
  4 goblins
  5 hobgoblins
  6 jackals
  11 kobolds
  3 quokkas
  6 ball pythons
  2 frilled lizards (D:1)
  4 rats
130 creatures vanquished.

Notes
Turn   | Place    | Note
-------+----------+-------------------------------------------
     0 | D:1      | jfcaron the Ogre Transmuter began the quest for the Orb.
     0 | D:1      | Reached XP level 1. HP: 19/19 MP: 3/3
    53 | D:1      | Reached XP level 2. HP: 27/27 MP: 2/5
    56 | D:1      | Learned a level 2 spell: Wereblood
   210 | D:1      | Found a faded altar of an unknown god.
   230 | D:1      | Reached skill level 3 in Unarmed Combat
   336 | D:1      | Reached XP level 3. HP: 35/35 MP: 5/7
   718 | D:1      | Learned a level 3 spell: Spider Form
  1544 | D:3      | Reached XP level 4. HP: 41/42 MP: 6/8
  1547 | D:3      | Learned a level 2 spell: Static Discharge
  1835 | D:3      | Noticed Grinder
  1835 | D:3      | Noticed Terence
  1844 | D:3      | Paralysed by Grinder for 2 turns
  1849 | D:3      | Killed Grinder
  1850 | D:3      | Reached skill level 4 in Unarmed Combat
  1850 | D:3      | Reached XP level 5. HP: 27/53 MP: 9/9
  1850 | D:3      | Reached XP level 6. HP: 32/61 MP: 10/10
  1858 | D:3      | HP: 18/91 [something/puff of flame (5)]
  1882 | D:3      | Killed Terence
  2205 | D:3      | Found an opulent altar of Gozag.
  2341 | D:3      | Found a sparkling altar of Nemelex Xobeh.
  2582 | D:4      | Reached XP level 7. HP: 27/68 MP: 4/11
  3184 | D:4      | Found an iron altar of Okawaru.
  3342 | D:4      | Found a shadowy altar of Dithmenos.
  3520 | D:5      | Entered Level 5 of the Dungeon
  3565 | D:5      | Found Wayxt's Weapon Boutique.
  3579 | D:5      | Reached skill level 5 in Unarmed Combat
  3594 | D:5      | Noticed Eustachio
  3611 | D:5      | Killed Eustachio
  3612 | D:5      | Reached skill level 1 in Poison Magic
  3657 | D:5      | Found a white marble altar of Elyvilon.
  3662 | D:5      | Became a worshipper of Elyvilon the Healer
  3963 | D:5      | Reached XP level 8. HP: 70/79 MP: 10/12
  4052 | D:5      | Reached skill level 1 in Invocations
  4211 | D:5      | Noticed Pikel
  4224 | D:5      | Killed Pikel
  4225 | D:5      | Reached skill level 5 in Fighting
  4225 | D:5      | Reached skill level 6 in Unarmed Combat
  4469 | D:5      | Reached * piety under Elyvilon
  4707 | D:6      | Found a staircase to the Ecumenical Temple.
  4731 | D:6      | Reached XP level 9. HP: 61/88 MP: 13/13
  4897 | D:6      | Reached skill level 5 in Transmutations
  4915 | D:6      | Reached skill level 7 in Unarmed Combat
  4920 | D:6      | HP: 17/88 [yak (12)]
  4921 | D:6      | HP: 1/88 [yak (16)]
  4923 | D:6      | Mangled by a yak

Illustrated notes

Levels and vault maps discovered:
D:1:      psy_arrival_fountain, layout_rooms, ebering_ecumenical_altar_hall
D:2:      layout_rooms, dk_noncrumbling_2
D:3:      layout_loops_ring, nicolae_gozag_cash_rules_everything_around_me,
          nemelex_dance_club_becter, minmay_puff, uniq_grinder, uniq_terence
D:4:      layout_rooms, mainiacjoe_overflow_alcove_1,
          mainiacjoe_overflow_24_doors
D:5:      layout_basic, elyvilon_altar_4, serial_shops, shop,
          kennysheep_generic_room_8, uniq_pikel, uniq_eustachio
D:6:      layout_loops_ring, minmay_temple_entry_arrows, serial_shops, shop,
          uniq_edmund

Skill      XL: |  1  2  3  4  5  6  7  8  9 |
---------------+----------------------------+-----
Dodging        | 2 3 4 |  4.8
Unarmed Combat | 3 4 5 6 7 |  7.0
Transmutations | 2 3 4 5 |  5.0
Fighting       | 2 3 4 5 |  5.0
Spellcasting   | 3 |  3.0
Poison Magic   | 1 2 3 |  3.0
Invocations    | 2 3 |  3.4

Action                     |  1- 3 |  4- 6 |  7- 9 || total
---------------------------+-------+-------+-------++-------
  Melee: Unarmed           |   110 |    91 |   165 ||   366
         Kick              |    30 |     9 |    38 ||    77
         Headbutt          |    12 |     6 |    22 ||    40
         Punch             |       |     4 |     7 ||    11
  Throw: Dart              |       |    10 |    18 ||    28
         Stone             |       |     9 |    11 ||    20
         Javelin           |       |     2 |     2 ||     4
   Cast: Beastly Appendage |    28 |     9 |    22 ||    59
         Static Discharge  |       |     2 |     3 ||     5
         Spider Form       |       |       |     3 ||     3
         Wereblood         |       |       |     4 ||     4
  Evoke: Wand              |       |       |     1 ||     1
    Use: Scroll            |     4 |     3 |     2 ||     9
         Potion            |       |     4 |     2 ||     6
 Armour: Robe              |    31 |    18 |    32 ||    81
         Skin              |       |    15 |    15 ||    30
  Dodge: Dodged            |    53 |    41 |   106 ||   200

Table legend: (Time is in decaauts)
 A = Elapsed time spent in this place.
 B = Non-inter-level travel time spent in this place.
 C = Inter-level travel time spent in this place.
 D = Time resting spent in this place.
 E = Time spent auto-exploring this place.
 F = Levels seen in this place.
 G = Mean time per level.
                   A        B        C        D        E       F      G
               +--------+--------+--------+--------+--------+-----+--------+
         Total |   4883 |   4614 |    269 |    719 |   2935 |   6 |  813.8 |
       Dungeon |   4883 |   4614 |    269 |    719 |   2935 |   6 |  813.8 |
               +--------+--------+--------+--------+--------+-----+--------+

Top non-repeatable levels by time:
     D:3: 1191 daAuts
     D:5: 1153 daAuts
     D:4: 1059 daAuts
     D:1: 761 daAuts
     D:2: 503 daAuts
     D:6: 214 daAuts

Table legend:
 A = Kills in this place as a percentage of kills in the entire game.
 B = Kills by you in this place as a percentage of kills by you in the entire game.
 C = Kills by friends in this place as a percentage of kills by friends in the entire game.
 D = Other kills in this place as a percentage of other kills in the entire game.
 E = Experience gained in this place as a percentage of experience gained in the entire game.
 F = Experience gained in this place divided by the number of levels of this place that you have seen.
                   A       B       C       D       E      F
               +-------+-------+-------+-------+-------+----------------------
         Total | 100.0 | 100.0 |   N/A |   N/A | 100.0 | 495.2
       Dungeon | 100.0 | 100.0 |   N/A |   N/A | 100.0 | 495.2
               +-------+-------+-------+-------+-------+----------------------

Levels and vault maps discovered:
D:1:      psy_arrival_fountain, layout_rooms, ebering_ecumenical_altar_hall
D:2:      layout_rooms, dk_noncrumbling_2
D:3:      layout_loops_ring, nicolae_gozag_cash_rules_everything_around_me,
          nemelex_dance_club_becter, minmay_puff, uniq_grinder, uniq_terence
D:4:      layout_rooms, mainiacjoe_overflow_alcove_1,
          mainiacjoe_overflow_24_doors
D:5:      layout_basic, elyvilon_altar_4, serial_shops, shop,
          kennysheep_generic_room_8, uniq_pikel, uniq_eustachio
D:6:      layout_loops_ring, minmay_temple_entry_arrows, serial_shops, shop,
          uniq_edmund
